 Seeded DCSS version 0.29-a0-352-g0917bc69df (webtiles) character file.

Game seed: 9350675158357138884 (custom seed)

279 BeAPotato the Insei (level 6, 0/36 (38) HPs)
             Began as an Octopode Transmuter on Apr 24, 2022.
             Was an Initiate of Gozag.
             Slain by a wight
             ... wielding a +3 trident
              (10 damage)
             ... on level 4 of the Dungeon.
             The game lasted 00:10:27 (4064 turns).

BeAPotato the Insei (Octopode Transmuter)           Turns: 4064, Time: 00:10:27

HP:   0/36 (38)     AC:  5    Str: 11    XL:     6   Next: 26%
MP:   18/18         EV: 13    Int: 16    God:    Gozag
Gold: 291           SH:  0    Dex: 12    Spells: 2/9 levels left

rFire   . . .      SeeInvis .     - Unarmed
rCold   + . .      Faith    .   (no shield)
rNeg    . . .      Spirit   .   (helmet restricted)
rPois   .          Reflect  .   (no amulet)
rElec   .          Harm     .   l - +4 ring of protection
rCorr   .          Rampage  .   q - ring of Culel {rC+ MP+9}
Will    .....                   (no ring)
Stlth   +++.......              (no ring)
HPRegen 0.12/turn               (no ring)
MPRegen 0.16/turn               (no ring)
                                (no ring)
                                (no ring)

@: drained
A: almost no armour, amphibious, 8 rings, camouflage 1, gelatinous body 1,
(nimble swimmer 1), tentacles
a: Renounce Religion, Potion Petition, Call Merchant, Bribe Branch


You were on level 4 of the Dungeon.
You worshipped Gozag.
Gozag was aware of your devotion.
You visited 2 branches of the dungeon, and saw 5 of its levels.

You collected 330 gold pieces.
You paid 39 gold pieces to Gozag.

Inventory:

Hand Weapons
 c - a +0 dagger
 d - a +0 spear
Missiles
 f - 125 stones
 p - 4 boomerangs
Magical Staves
 k - a staff of poison
 o - a staff of poison
Jewellery
 l - a +4 ring of protection (left tentacle)
 q - the ring of Culel (right tentacle) {rC+ MP+9}
   (You found it on level 3 of the Dungeon)

   [ring of magical power]

   rC:        It protects you from cold.
   MP:        It affects your magic capacity (+9).
Wands
 j - a wand of flame (7)
 u - a wand of charming (5)
Scrolls
 b - 4 scrolls of teleportation {unknown}
 e - 3 scrolls of magic mapping {unknown}
 h - a scroll of amnesia {unknown}
 s - a scroll of fog {unknown}
 t - a scroll of enchant armour {unknown}
 x - a scroll of identify {unknown}
Potions
 a - 2 potions of lignification
 g - a potion of attraction {unknown}
 i - a potion of might {unknown}
 m - a potion of heal wounds {unknown}
 n - 5 potions of curing {unknown}
 r - a potion of brilliance {unknown}
 v - 2 potions of degeneration {unknown}
 w - a potion of flight {unknown}


   Skills:
 - Level 1.0 Fighting
 - Level 2.0 Dodging
 - Level 1.0 Stealth
 + Level 5.7 Unarmed Combat
 - Level 2.0 Spellcasting
 - Level 2.8 Transmutations
 * Level 3.0 Poison Magic


You had 2 spell levels left.
You knew the following spells:

 Your Spells              Type           Power      Damage    Failure   Level
a - Beastly Appendage     Tmut           20%        N/A       7%          1
b - Summon Small Mammal   Summ           4%         N/A       21%         1
c - Poisonous Vapours     Pois/Air       12%        N/A       17%         2
d - Spider Form           Tmut/Pois      10%        N/A       19%         3

Your spell library contained the following spells:

 Spells                   Type           Power      Damage    Failure   Level
 Sting                    Tmut/Pois      40%        1d5       6%          1
 Wereblood                Tmut           10%        N/A       10%         2
 Animate Skeleton         Necr           2%         N/A       21%         1
 Apportation              Tloc           2%         N/A       21%         1
 Olgreb's Toxic Radiance  Pois           11%        N/A       52%         4
 Ice Form                 Ice/Tmut       6%         N/A       75%         4


Dungeon Overview and Level Annotations

Branches:
Dungeon (4/15)             Temple (1/1) D:4

Altars:
Ashenzari
Cheibriados
Dithmenos
Gozag
Hepliaklqana
Makhleb
Nemelex Xobeh
Okawaru
Ru
Sif Muna
Uskayaw
Vehumet
Xom
Yredelemnul
Zin

Shops:
D:1 =   D:2 [   D:4 !


Innate Abilities, Weirdness & Mutations

You cannot wear most types of armour.
You are amphibious.
You can wear up to eight rings at the same time.
Your skin changes colour to match your surroundings (Stealth+).
Your rubbery body absorbs attacks. (AC +1, EV +1)
((You are camouflaged when in or above water. (Stealth+)))
You have tentacles for arms and can constrict up to eight enemies at once.


Message History

You squeeze the necrophage.
The necrophage is moderately damaged.
The necrophage hits you but does no damage.
You tentacle-slap the necrophage. Your grab misses the necrophage.
Your tentacle-slap misses the necrophage.
The necrophage is moderately damaged.
The necrophage barely misses you.
You tentacle-slap the necrophage. You grab the necrophage.
You pierce the necrophage.
The necrophage is heavily damaged.
You constrict the necrophage. The necrophage hits you.
You bludgeon the necrophage!
You pierce the necrophage, but do no damage.
The necrophage is almost destroyed.
You constrict the necrophage, but do no damage.
The necrophage hits you.
You feel drained.
You barely miss the necrophage. You squeeze the necrophage.
You destroy the necrophage!
Your life force feels restored.
Your Poison Magic skill increases to level 3!
You have reached level 6!
A wight comes into view. It is wielding a +3 trident.
You see here 4 gold pieces.
A jackal comes into view.
You see here 4 gold pieces.
Your transformation is almost over.
There is an open door here.
You see here a +0 falchion.
Your tentacle spike disappears.
There is an escape hatch in the floor here.
The wight hits you from afar with a +3 trident!
You feel drained. The wight hits you with a +3 trident!
You feel drained.
* * * LOW HITPOINT WARNING * * *
You tentacle-slap the wight. You grab the wight.
The wight is moderately damaged.
You constrict the wight, but do no damage.
The wight hits you with a +3 trident!
You die...
Your body crumbles into a pile of gold.

.....>..........# #...........#
..##...##.......# ##..........#
...##.##........# #.........##
##..#.#..##.....# #.........##
.##.....##...##.####..........#
..##...##..#..................#
...#...#.........###..........#
............###..# #..........#
#........#### #.@###..........#
......>### ##z.###........##
##.....##### #..####......##
.##...##...## #.....#.##.###
..#####.....# #w###...##.#
.....$...8..# #.# ##..##[#
..#####.....# #.# #..##.# .
##..)## ##.# #..##.#
##.#####.w# #..##.#


You could see a wight and a dart slug.

Vanquished Creatures
  A phantom (D:4)
  A necrophage (D:4)
  A hound (D:4)
  An iguana (D:4)
  3 adders
  3 dart slugs
  An orc (D:4)
  5 bats
  7 endoplasms
  3 giant cockroaches
  3 goblins (D:2)
  4 hobgoblins
  6 jackals
  2 quokkas
  4 ball pythons
  3 frilled lizards
  6 kobolds
  4 rats
58 creatures vanquished.

Notes
Turn   | Place    | Note
-------+----------+-------------------------------------------
     0 | D:1      | BeAPotato the Octopode Transmuter began the quest for the
                  | Orb.
     0 | D:1      | Reached XP level 1. HP: 13/13 MP: 3/3
   184 | D:1      | Reached skill level 1 in Stealth
   197 | D:1      | Found Piukla's Jewellery Shop.
   222 | D:1      | Reached XP level 2. HP: 5/18 MP: 1/5
   644 | D:4      | Found Kixeli Hoim's Distillery.
   664 | D:4      | Found a staircase to the Ecumenical Temple.
   671 | Temple   | Entered the Ecumenical Temple
   710 | D:4      | Reached XP level 3. HP: 14/23 MP: 4/6
  1075 | D:4      | Reached skill level 4 in Unarmed Combat
  1077 | D:4      | Learned a level 1 spell: Summon Small Mammal
  1184 | D:2      | Reached XP level 4. HP: 28/28 MP: 5/7
  1219 | D:2      | You fall into a shaft and drop 1 floor!
  1252 | D:3      | Identified the ring of Culel {rC+ MP+9}
  1626 | Temple   | Became a worshipper of Gozag Ym Sagoz the Greedy
  1792 | D:2      | Identified the +1 chain mail of the Elephant {Will+ Int+5}
  1836 | D:2      | Found Xeggyhukk's Antique Armour Shop.
  2108 | D:2      | Learned a level 2 spell: Poisonous Vapours
  2212 | D:2      | Reached skill level 1 in Poison Magic
  3149 | D:4      | Reached XP level 5. HP: 30/33 MP: 6/8
  3523 | D:4      | Noticed a phantom
  3565 | D:4      | Killed a phantom
  3566 | D:4      | Reached skill level 5 in Unarmed Combat
  3594 | Temple   | Learned a level 3 spell: Spider Form
  4034 | D:4      | Reached XP level 6. HP: 28/38 MP: 9/9
  4064 | D:4      | Slain by a wight

Illustrated notes

Levels and vault maps discovered:
D:1:      nzn_arrival_water_spiral, layout_loops_cross, serial_shops,
          nicolae_shop_behind_doors, chequers_serial_rivers_micro_b,
          chequers_serial_rivers_large_a
D:2:      layout_loops_ring, serial_shops, nicolae_lakefront_shop,
          minmay_pentomino_v2
D:3:      layout_rooms
D:4:      minmay_octagon_keep, layout_rooms, minmay_temple_entry_waves,
          serial_shops, nicolae_stop_n_shop_2
Temple:   regret_index_temple_generic_petals

Skill      XL: |  1  2  3  4  5 |
---------------+----------------+-----
Stealth        | 1 |  1.0
Unarmed Combat | 4 5 |  5.7
Poison Magic   | 1 3 |  3.0
Fighting       | |  1.0
Dodging        | |  2.0
Spellcasting   | |  2.0
Transmutations | |  2.8

Action                   |  1- 3 |  4- 6 || total
-------------------------+-------+-------++-------
Melee: Unarmed           |    41 |    81 ||   122
       Kick              |    10 |    24 ||    34
       Constrict         |    11 |    23 ||    34
       Tentacles         |     7 |    14 ||    21
       Punch             |     1 |       ||     1
 Cast: Beastly Appendage |    11 |    31 ||    42
       Summon Small Mamm |       |     9 ||     9
       Poisonous Vapours |       |     3 ||     3
 Stab: Sleeping          |     4 |     7 ||    11
Armor: Skin              |    19 |    17 ||    36
Dodge: Dodged            |    54 |    28 ||    82

Table legend: (Time is in decaauts)
 A = Elapsed time spent in this place.
 B = Non-inter-level travel time spent in this place.
 C = Inter-level travel time spent in this place.
 D = Time resting spent in this place.
 E = Time spent auto-exploring this place.
 F = Levels seen in this place.
 G = Mean time per level.
                   A        B        C        D        E       F      G
               +--------+--------+--------+--------+--------+-----+--------+
         Total |   4064 |   3711 |    353 |    310 |   2261 |   5 |  812.8 |
       Dungeon |   3552 |   3266 |    286 |    310 |   1900 |   4 |  888.0 |
        Temple |    512 |    445 |     67 |      0 |    361 |   1 |  512.0 |
               +--------+--------+--------+--------+--------+-----+--------+

Top non-repeatable levels by time:
     D:1: 1006 daAuts
     D:2: 977 daAuts
     D:4: 843 daAuts
     D:3: 724 daAuts
  Temple: 512 daAuts
